 Dungeon Crawl Stone Soup version 0.30-a0-297-g0ec75d9ef4 (webtiles) character file.

Game seed: 2739215915207230867

317 GabrielManson the Sneak (level 6, -4/42 HPs)
             Began as an Octopode Wanderer on Oct 4, 2022.
             Slain by an orc warrior
             ... wielding a +0 short sword
              (11 damage)
             ... on level 3 of the Dungeon on Oct 18, 2022.
             The game lasted 00:13:06 (2516 turns).

GabrielManson the Sneak (Octopode Wanderer)         Turns: 2516, Time: 00:13:07

Health: -4/42      AC:  1    Str:  9    XL:     6   Next: 44%
Magic:  7/7        EV: 15    Int: 15    God:
Gold:   97         SH:  5    Dex: 15    Spells: 6/7 levels left

rFire   . . .      SeeInvis .      - Unarmed
rCold   . . .      Faith    .    (no shield)
rNeg    . . .      Spirit   .    e - +0 hat
rPois   .          Reflect  +    g - amulet of reflection
rElec   .          Harm     .    (no ring)
rCorr   .          Rampage  .    (no ring)
Will    .....                    (no ring)
Stlth   ++++......               (no ring)
HPRegen 0.27/turn                (no ring)
MPRegen 0.10/turn                (no ring)
                                 (no ring)
                                 (no ring)

@: no status effects
A: almost no armour, amphibious, 8 rings, camouflage 1, gelatinous body 1,
(nimble swimmer 1), tentacles
a: no special abilities


You were on level 3 of the Dungeon.
You visited 1 branch of the dungeon, and saw 4 of its levels.

You collected 97 gold pieces.

Inventory:

Hand Weapons
 a - a +1 dagger
Missiles
 m - 6 poisoned darts (quivered)
 n - 2 javelins
 t - 4 datura-tipped darts
Armour
 e - a +0 hat (worn)
Magical Staves
 p - a staff of air
Jewellery
 g - an amulet of reflection (around mantle)
Scrolls
 i - 3 scrolls of teleportation {unknown}
 k - a scroll of poison {unknown}
 l - a scroll of amnesia {unknown}
 q - a scroll of magic mapping {unknown}
 r - a scroll of blinking {unknown}
 s - a scroll of silence {unknown}
Potions
 c - a potion of attraction
 d - a potion of curing {unknown}
 f - 4 potions of might {unknown}
 h - a potion of degeneration {unknown}
 j - 2 potions of brilliance {unknown}
 u - a potion of mutation {unknown}


   Skills:
 + Level 3.1 Fighting
 + Level 5.1 Dodging
 + Level 5.2 Stealth
 + Level 4.5 Unarmed Combat
 - Level 1.0 Spellcasting
 - Level 1.0 Ice Magic


You had 6 spell levels left.
You knew the following spells:

 Your Spells              Type           Power      Damage    Failure   Level
a - Freeze                Ice            12%        1d3       16%         1

Your spell library contained the following spells:

 Spells                   Type           Power      Damage    Failure   Level
 Hailstorm                Conj/Ice       2%         3d3       52%         3
 Dazzling Flash           Conj/Hex       0%         N/A       58%         3
 Anguish                  Hex/Necr       0%         N/A       94%         4
 Iskenderun's Mystic Bla  Conj/Tloc      0%         2d3       94%         4
 Starburst                Conj/Fire      0%         6d3       100%        6
 Enfeeble                 Hex            0%         N/A       100%        7


Dungeon Overview and Level Annotations

Branches:
Dungeon (4/15)
 Temple: D:4-7

Altars:
Cheibriados
Zin

Shops:
D:1 [


Innate Abilities, Weirdness & Mutations

You cannot wear most types of armour.
You are amphibious.
You can wear up to eight rings at the same time.
Your skin changes colour to match your surroundings (Stealth+).
Your rubbery body absorbs attacks. (AC +1, EV +1)
((You are camouflaged when in or above water. (Stealth+)))
You have tentacles for arms and can constrict up to eight enemies at once.


Message History

The orc warrior is lightly wounded.
The orc warrior misses you. The orc warrior closely misses you.
The orc warrior closely misses you. The orc warrior barely misses you.
The orc warrior shouts!
The orc warrior hits you with a +0 short sword!
The orc warrior shouts!
Throw: 2 throwing nets
Press: ? - help, Shift-Dir - straight line, f/p - orc warrior
Aim: an orc warrior, wielding a +0 short sword and wearing a +0 chain mail (fast, strong, frenzied and insane, 55% to hit)
You throw a throwing net. The throwing net hits the orc warrior.
The orc warrior is caught in the net!
The orc warrior struggles against the net. x2
The orc warrior struggles against the net.
An orc comes into view.
It is wielding a +0 whip and wearing a +2 leather armour of cold resistance.
The orc warrior struggles against the net.
The net rips apart, and the orc warrior comes free!
The orc wizard points at you and mumbles some strange words.
The puff of flame hits the orc warrior.
The orc warrior attacks as you move away!
You block the orc warrior's attack.
You hear a shout!
There is a stone staircase leading up here.
The orc warrior hits you with a +0 short sword.
You block the orc warrior's attack.
You climb upwards.
There is a stone staircase leading down here.
Throw: throwing net
Press: ? - help, Shift-Dir - straight line, f - orc warrior
Aim: an orc warrior, wielding a +0 short sword and wearing a +0 chain mail (lightly wounded, fast, strong, frenzied and insane, 55% to hit)
You throw a throwing net.
The throwing net completely misses the orc warrior.
The orc warrior hits you with a +0 short sword!
* * * LOW HITPOINT WARNING * * *
Okay, then.
As you read the scroll labelled GOIKAO UDUEDU, it crumbles to dust.
It is a scroll of enchant weapon.
Your +0 dagger glows red for a moment.
The orc warrior hits you with a +0 short sword!
You die...

.## #.# #.# ..# #.# #.#
#.############# #.# #.#
#.............# #.# #.#
..##....#####.###.#####
#.#
..##.<......#.........#
#.#
..##........#####.###.#
#.#
.###...)....#####.###.#
#.#
............##..@o...(#
#.#
...#........##........#
#.#
..######.#####........#
#.# ..#...⌠#.#
#........###.#
..#...##.#
#............#
..#._....#
##.#.###.#####
..#...#### #.#.#
#.#...# ..#...⌠# #.#.#
#.#.#.#
###############.#.#
#.#.#.#


You could see a neutral orc warrior (fast, strong, insane).

Vanquished Creatures
  Sigmund (D:2)
  Crazy Yiuf (D:3)
  2 adders
  3 worms
  A dart slug (D:1)
  An orc (D:2)
  9 ball pythons
  4 endoplasms
  2 giant cockroaches (D:1)
  8 hobgoblins
  4 quokkas
  3 bats
  4 frilled lizards
  7 goblins
  3 kobolds
  6 rats
59 creatures vanquished.

Vanquished Creatures (collateral kills)
  An orc priest (D:4)
  An orc (D:4)
2 creatures vanquished.

Vanquished Creatures (others)
  A rat (D:3)
1 creature vanquished.

Grand Total: 62 creatures vanquished

Notes
Turn   | Place    | Note
-------+----------+-------------------------------------------
     0 | D:1      | GabrielManson the Octopode Wanderer began the quest for the
                  | Orb.
     0 | D:1      | GabrielManson set off with the following items: a +0
                  | dagger, 3 throwing nets, a potion of attraction, a potion
                  | of berserk rage, a +0 hat; and the following spell
                  | memorised: Freeze; and the following spells available to
                  | memorise: Hailstorm.
     0 | D:1      | Reached XP level 1. HP: 16/16 MP: 2/2
    68 | D:1      | Found Plog's Armour Shop.
    77 | D:1      | Reached skill level 1 in Stealth
   185 | D:1      | Reached XP level 2. HP: 21/21 MP: 3/3
   359 | D:1      | Reached skill level 1 in Unarmed Combat
   458 | D:1      | Reached XP level 3. HP: 26/26 MP: 4/4
   919 | D:2      | Upgraded the game from 0.30-a0-190-g22c9a3c0ff to
                  | 0.30-a0-241-g1121274140
   932 | D:2      | Found a glowing silver altar of Zin.
   963 | D:2      | Upgraded the game from 0.30-a0-241-g1121274140 to
                  | 0.30-a0-297-g0ec75d9ef4
   998 | D:2      | Reached XP level 4. HP: 13/31 MP: 5/5
  1289 | D:2      | Noticed Sigmund
  1310 | D:2      | Killed Sigmund
  1311 | D:2      | Reached XP level 5. HP: 18/36 MP: 6/6
  1311 | D:2      | Reached XP level 6. HP: 21/42 MP: 7/7
  1503 | D:3      | Reached skill level 5 in Stealth
  1665 | D:3      | Found a runed translucent door.
  1666 | D:3      | Noticed Crazy Yiuf
  1679 | D:3      | Killed Crazy Yiuf
  1852 | D:3      | Found a snail-covered altar of Cheibriados.
  2484 | D:4      | Noticed an orc warrior
  2516 | D:3      | Slain by an orc warrior

Illustrated notes

Levels and vault maps discovered:
D:1:      dpeg_arrival_lava_temple_mockup, layout_basic, serial_shops,
          nicolae_diamond_shop
D:2:      layout_basic, basic_altar, uniq_sigmund
D:3:      layout_basic, mainiacjoe_overflow_alcove_2, uniq_crazy_yiuf_cottage
D:4:      layout_gridville, kiku_gazebo_garden_becter, guppyfry_early_orc_mine

Skill      XL: |  1  2  3  4  5  6 |
---------------+-------------------+-----
Stealth        | 1 2 3 4 5 |  5.2
Unarmed Combat | 1 2 4 |  4.5
Fighting       | |  3.1
Dodging        | |  5.1
Spellcasting   | |  1.0
Ice Magic      | |  1.0

Action                   |  1- 3 |  4- 6 || total
-------------------------+-------+-------++-------
Melee: Unarmed           |    97 |    35 ||   132
       Dagger            |    11 |       ||    11
       Constrict         |    30 |    13 ||    43
       Tentacles         |    18 |     8 ||    26
       Punch             |     2 |     1 ||     3
Throw: Dart              |     1 |     3 ||     4
       Throwing net      |       |     4 ||     4
       Javelin           |       |     3 ||     3
 Cast: Freeze            |       |     1 ||     1
  Use: Potion            |       |     2 ||     2
       Scroll            |       |     1 ||     1
 Stab: Sleeping          |     8 |     6 ||    14
       Distracted        |       |     1 ||     1
Armor: Skin              |    10 |     3 ||    13
Dodge: Dodged            |    74 |    29 ||   103
Block: Other             |       |     6 ||     6

Table legend: (Time is in decaauts)
 A = Elapsed time spent in this place.
 B = Non-inter-level travel time spent in this place.
 C = Inter-level travel time spent in this place.
 D = Time resting spent in this place.
 E = Time spent auto-exploring this place.
 F = Levels seen in this place.
 G = Mean time per level.
                   A        B        C        D        E       F      G
               +--------+--------+--------+--------+--------+-----+--------+
         Total |   2516 |   2500 |     16 |    251 |   1490 |   4 |  629.0 |
       Dungeon |   2516 |   2500 |     16 |    251 |   1490 |   4 |  629.0 |
               +--------+--------+--------+--------+--------+-----+--------+

Top non-repeatable levels by time:
     D:3: 969 daAuts
     D:1: 777 daAuts
     D:2: 683 daAuts
     D:4: 85 daAuts
